Map: Terrasses de Prion

Players

pupu - Winner!

  • Race: Protoss Protoss
  • League: Silver

Borsti

  • Race: Terran Terran
  • League: Silver

VOD

Have the link to the VOD?

Description

Time

  • Played on: April 10, 2016, 7:31 a.m.
  • Length: 9:07
Show
View Real Time Build Order
Export as new Build Order

pupu Protoss - Winner!

Build Orders: 1 Gate Expand 

Get SALT Encoding   

  12  0:01  Probe (Chrono Boost)  
  13  0:11  Probe (Chrono Boost)  
  14  0:19  Pylon  
  14  0:22  Probe (Chrono Boost)  
  15  0:37  Probe (Chrono Boost)  
  15  0:38  Gateway  
  16  0:48  Probe (Chrono Boost), Assimilator  
  17  0:58  Probe (Chrono Boost)  
  18  1:09  Probe (Chrono Boost)  
  19  1:19  Probe (Chrono Boost)  
  20  1:30  Probe (Chrono Boost)  
  21  1:38  Nexus  
  21  1:40  Probe (Chrono Boost)  
  22  1:50  Assimilator  
  22  1:51  Probe (Chrono Boost)  
  23  1:54  Pylon  
  23  2:03  Probe (Chrono Boost)  
  23  2:07  Cybernetics Core  
  23  2:13  Probe (Chrono Boost)  
  24  2:22  Gateway  
  24  2:24  Probe (Chrono Boost)  
  25  2:30  Pylon  
  25  2:34  Probe (Chrono Boost)  
  26  2:44  Warp Gate (Chrono Boost)  
  26  2:45  Probe (Chrono Boost)  
  26  2:50  Robotics Facility  
  27  2:53  Probe  
  27  2:57  Probe  
  29  3:13  Probe  
  29  3:15  Probe  
  29  3:17  Assimilator  
  31  3:23  Assimilator  
  31  3:26  Pylon  
  31  3:32  Gateway  
  31  3:34  Gateway  
  31  3:43  Observer  
  31  3:45  Twilight Council  
  31  3:48  Zealot  
  34  3:51  Probe, Zealot  
  34  3:53  Probe  
  38  3:58  Gateway  
  38  3:59  Gateway  
  38  4:03  Probe  
  38  4:05  Gateway  
  39  4:11  Warp Prism  
  41  4:21  Charge (Chrono Boost)  
  41  4:31  Probe  
  41  4:33  Probe  
  41  4:36  Sentry x2  
  41  4:37  Zealot  
  49  4:41  Zealot  
  49  4:44  Probe  
  49  4:45  Probe  
  53  4:54  Probe  
  53  4:57  Probe, Immortal  
  59  5:04  Stalker  
  61  5:14  Pylon  
  61  5:16  Probe  
  61  5:17  Pylon  
  61  5:19  Pylon  
  62  5:21  Pylon  
  62  5:25  Pylon  
  62  5:29  Pylon  
  62  5:30  Probe  
  62  5:33  Zealot x3  
  69  5:36  Zealot  
  69  5:39  Stalker x2  
  69  5:41  Stalker  
  77  5:48  Immortal  
  81  6:17  Zealot x6  
  81  6:18  Zealot  
  73  6:41  Zealot x4  
  73  6:42  Zealot x3  
  73  7:17  Zealot x2  
  73  7:18  Zealot x4  
  85  7:28  Zealot  
  87  7:30  Immortal  
  91  7:48  Stalker x3  
  91  7:49  Stalker x2  
  97  8:09  Immortal  
  97  8:17  Zealot x6  
Show
View Real Time Build Order
Export as new Build Order

Borsti Terran 

Build Orders: MMM Bio 

Get SALT Encoding   

  12  0:01  SCV  
  13  0:13  SCV  
  14  0:21  Supply Depot  
  14  0:25  SCV  
  15  0:42  SCV  
  16  0:47  Barracks  
  16  0:52  Refinery  
  16  0:54  SCV  
  17  1:06  SCV  
  18  1:23  SCV  
  19  1:35  Supply Depot, Orbital Command  
  19  1:37  Marine  
  20  1:52  Command Center  
  20  1:54  Marine  
  20  2:01  SCV  
  22  2:13  SCV  
  23  2:20  Bunker  
  23  2:25  Barracks Tech Lab, SCV  
  23  2:27  Barracks  
  24  2:35  Refinery  
  24  2:37  SCV  
  25  2:45  Marine  
  25  2:48  Stimpack  
  25  2:49  SCV  
  27  3:01  SCV  
  27  3:03  Marine  
  29  3:10  Engineering Bay  
  29  3:13  SCV  
  29  3:15  Factory  
  29  3:17  Marine  
  31  3:21  Marine  
  31  3:25  SCV  
  33  3:34  Orbital Command  
  33  3:37  Marine  
  33  3:38  SCV  
  35  3:50  SCV  
  36  3:57  Missile Turret  
  36  3:58  Marine x2  
  36  4:01  Factory Reactor  
  36  4:02  SCV  
  39  4:04  Starport  
  39  4:07  Missile Turret  
  39  4:14  SCV  
  40  4:20  Barracks Reactor  
  40  4:23  SCV  
  41  4:26  SCV  
  41  4:28  Missile Turret  
  42  4:34  Command Center  
  42  4:35  SCV  
  43  4:45  Supply Depot, SCV  
  44  4:48  Supply Depot  
  44  4:56  Barracks, Factory Tech Lab  
  44  5:02  Medivac  
  44  5:04  Combat Shields  
  44  5:06  SCV, Medivac  
  44  5:07  SCV  
  50  5:08  Refinery  
  50  5:10  Supply Depot  
  50  5:19  SCV  
  51  5:23  Missile Turret, SCV  
  51  5:27  Refinery  
  52  5:31  Supply Depot, SCV  
  52  5:32  Hi-Sec Auto Tracking  
  52  5:35  SCV  
  54  5:37  Supply Depot  
  54  5:39  Marine x2  
  54  5:40  Marauder  
  58  5:43  SCV, Sensor Tower  
  58  5:47  SCV  
  60  5:53  Marine  
  60  5:55  Orbital Command  
  61  6:01  Marauder  
  59  6:22  SCV x2  
  58  6:30  Marauder, Marine x3  
  62  6:34  SCV x2  
  61  6:48  Marine x3  
  61  6:52  Marauder  
  63  7:05  Marine  
  63  7:06  Marine, SCV x2  
  67  7:12  Missile Turret  
  67  7:13  Marauder  
  69  7:19  SCV x2  
  69  7:22  Missile Turret  
  71  7:24  Marine x2  
  74  7:30  Orbital Command  
  74  7:35  Marauder  
  75  7:40  SCV  
  75  7:43  Engineering Bay  
  76  7:47  Marine x2  
  76  7:48  Marauder  
  80  7:51  Factory Reactor  
  80  7:56  Marauder  
  70  8:09  Marauder  
  65  8:17  Marauder, Marine x2  
  67  8:20  Medivac  
  67  8:21  SCV, Medivac  
  67  8:26  Command Center  
  72  8:30  Marauder  
  72  8:35  Marine  
  72  8:37  Marine  
  72  8:39  Marauder  
Tags
 
Add a new tag
Caveats
  • Supply blocks, unpowered buildings, or Contaminate may cause inaccurate times.
  • Supply counts are checked every 10 seconds.